 Dungeon Crawl Stone Soup version 0.31.0-11-ge490571c62 (webtiles) character file.

Game seed: 371799432108572539

911 Flugkiller the Trooper (level 7, 66/66 HPs)
             Began as a Minotaur Fighter on Jan 28, 2024.
             Quit the game in the Ecumenical Temple.
             The game lasted 00:01:39 (3635 turns).

Flugkiller the Trooper (Minotaur Fighter)           Turns: 3635, Time: 00:01:40

Health: 66/66      AC: 11    Str: 22    XL:     7   Next: 82%
Magic:  6/6        EV:  8    Int:  5    God:
Gold:   199        SH:  5    Dex: 10    Spells: 6/6 levels left

rFire   . . .        a - +0 war axe
rCold   . . .        c - +0 buckler
rNeg    . . .        o - +0 chain mail
rPois   .            (helmet restricted)
rElec   .            u - +0 cloak
rCorr   .            (no gloves)
SInv    .            (no boots)
Will    .....        q - amulet of regeneration Stlth
                     (no ring)
HPRegen 1.11/turn    (no ring)
MPRegen 0.10/turn

%: no passive effects
@: no status effects
A: horns 2, retaliatory headbutt
a: no special abilities


You were in the Ecumenical Temple.
You visited 2 branches of the dungeon, and saw 6 of its levels.

You collected 199 gold pieces.

Inventory:

Hand Weapons
 a - a +0 war axe (weapon)
Armour
 b - a +0 scale mail
 c - a +0 buckler (worn)
 o - a +0 chain mail (worn)
   (You found it on level 2 of the Dungeon)
 u - a +0 cloak (worn)
   (You found it on level 4 of the Dungeon)
Jewellery
 q - an amulet of regeneration (around neck)
   (You found it on level 4 of the Dungeon)
Scrolls
 d - 2 scrolls of teleportation {unknown}
 e - 2 scrolls of vulnerability {unknown}
 f - 2 scrolls of fear {unknown}
 j - a scroll of enchant armour {unknown}
 k - 5 scrolls of identify {unknown}
 m - a scroll of poison {unknown}
 r - 2 scrolls of amnesia {unknown}
 s - a scroll of torment {unknown}
 t - a scroll of blinking {unknown}
 v - a scroll of enchant weapon {unknown}
Potions
 g - a potion of berserk rage {unknown}
 h - 2 potions of brilliance {unknown}
 i - a potion of lignification {unknown}
 l - a potion of cancellation {unknown}
 n - a potion of haste {unknown}
 p - 2 potions of curing {unknown}
 w - a potion of degeneration {unknown}


   Skills:
 * Level 7.2 Fighting
 * Level 6.6 Axes
 + Level 5.6 Armour
 + Level 5.5 Shields


You had 6 spell levels left.
You didn't know any spells.
Your spell library contained the following spells:

 Spells                   Type           Power      Damage    Failure   Level
 Sandblast                Erth           0%         2d4       98%         1
 Summon Small Mammal      Summ           0%         N/A       98%         1
 Cigotuvi's Dreadful Rot  Necr/Alch/Air  0%         N/A       99%         2
 Mercury Vapours          Alch/Air       0%         N/A       99%         2
 Call Canine Familiar     Summ           0%         N/A       100%        3
 Mephitic Cloud           Conj/Alch/Air  0%         N/A       100%        3
 Passwall                 Erth           0%         N/A       100%        3
 Stone Arrow              Conj/Erth      0%         3d7       100%        3
 Brom's Barrelling Bould  Conj/Erth      0%         2d3       100%        4
 Ignite Poison            Fire/Alch      0%         N/A       100%        4
 Summon Blazeheart Golem  Fire/Summ      0%         N/A       100%        4
 Freezing Cloud           Conj/Ice/Air   0%         6-21      100%        5
 Orb of Destruction       Conj           0%         9d5       100%        7
 Spellforged Servitor     Conj/Summ      0%         N/A       100%        7


Dungeon Overview and Level Annotations

Branches:
Dungeon (5/15)             Temple (1/1) D:5

Altars:
Dithmenos
Elyvilon
Fedhas
Gozag
Hepliaklqana
Kikubaaqudgha
Makhleb
Nemelex Xobeh
Qazlal
Ru
Sif Muna
Trog
Uskayaw
Vehumet
Wu Jian
Yredelemnul
Zin
The Shining One


Innate Abilities, Weirdness & Mutations

You have a pair of horns on your head.
You reflexively headbutt those who attack you in melee.


Message History

You now have 181 gold pieces (gained 5).
p - 2 golden potions (gained 1)
k - 5 scrolls labelled ITIAKHL NOXY (gained 1)
A gnoll comes into view. It is wielding a +0 halberd.
The gnoll shouts!
You hear a shout! x2
A gnoll comes into view. It is wielding a +0 club.
There are monsters nearby!
There are monsters nearby!
The gnoll hits you with a +0 halberd.
You hit the gnoll but do no damage. The gnoll hits you with a +0 halberd!
A gnoll comes into view. It is wielding a +0 spear.
You closely miss the gnoll. Your headbutt misses the gnoll. You hit the gnoll.
The gnoll barely misses you. The gnoll completely misses you.
You furiously retaliate!
You headbutt the gnoll. You barely miss the gnoll. You headbutt the gnoll.
You kill the gnoll!
You hit the gnoll.
The gnoll hits you from afar with a +0 spear.
The gnoll hits you with a +0 halberd!
The gnoll hits you from afar with a +0 spear.
The gnoll hits you but does no damage.
You barely miss the gnoll.
The gnoll is lightly wounded.
The gnoll barely misses you. The gnoll hits you with a +0 halberd.
You slash the gnoll!
The gnoll is almost dead.
The gnoll hits you but does no damage. The gnoll hits you with a +0 halberd!
You hit the gnoll.
You kill the gnoll!
The gnoll hits you but does no damage. The gnoll hits you with a +0 spear.
You see here a +0 halberd.
You hit the gnoll. Your headbutt misses the gnoll.
The gnoll is lightly wounded.
The gnoll barely misses you.
You slash the gnoll!
You kill the gnoll!
No target in view!
Things that are here:
a +0 spear; a gnoll corpse
Found a leather armour.
No target in view!
Found a stone staircase leading down.
There is a stone staircase leading down here.
There is a stone staircase leading down here.
You see here a +0 leather armour.
Found a staircase to the Ecumenical Temple.
r - 2 scrolls labelled IHEMINTAE (gained 1)
You now have 199 gold pieces (gained 18).
An ogre comes into view. It is wielding a +0 giant spiked club.
The ogre shouts!
A jelly comes into view.
The ogre moves out of view.
The jelly quivers.
A hound comes into view.
The hound barks!
The jelly hits you but does no damage.
You slash the jelly!
Your hands burn!
The jelly is heavily wounded.
You hit the ogre. You block the ogre's attack.
The jelly hits you but does no damage.
You hit the jelly.
Your hands burn!
The jelly is severely wounded.
You slash the ogre! The hound bites you but does no damage.
You block the jelly's attack.
You slash the jelly!
You kill the jelly!
You slash the ogre! You hit the hound. The hound bites you but does no damage.
The ogre barely misses you. The hound bites you.
Your Fighting skill increases to level 7!
You closely miss the ogre.
The ogre is severely wounded.
You hit the hound. You block the hound's attack. You block the ogre's attack.
The hound barely misses you.
You barely miss the ogre. You headbutt the ogre!
You kill the ogre!
You barely miss the hound.
The hound bites you but does no damage. x2
You hit the hound.
The hound is severely wounded.
You block the hound's attack. The hound bites you.
You slash the hound!
You kill the hound!
No target in view!
You enter the shallow water.
Moving in this stuff is going to be slow.
Found a flail.
There is a staircase to the Ecumenical Temple here.
You climb downwards.
Welcome to the Ecumenical Temple!
Found a staircase back to the Dungeon.
There is a staircase back to the Dungeon here.
Done exploring.
Done exploring.
Search for what [Enter for "chain", or ? for help]? chei Can't find anything matching that.
Sorry, you're not good enough to have a special ability.
Unknown command.
Search for what [Enter for "chei", or ? for help]? oka Can't find anything matching that.
Unknown command.
Are you sure you want to abandon this character and quit the game? (Confirm with "yes".)

_..##..._..##..._..##..._..##
....#......#........#......#
....#......#........#......#
....#...###+........#...####
####+####.......####+####
#...#........+###...##
....#........#......#
....#........#......#
_...##.._...##..@..##
.....#......#......#
.....#......#......#
.....+###...#...####
#.......####+####
####........## #........#
#........# ##......##


There were no monsters in sight!

Vanquished Creatures
  An orc warrior (D:5)
  A black bear (D:4)
  An ice beast (D:4)
  A sky beast (D:4)
  An ogre (D:5)
  A scorpion (D:4)
  2 jellies
  A hound (D:5)
  Jessica (D:3)
  2 sleepcaps (D:4)
  An iguana (D:4)
  2 orc wizards
  5 adders
  3 gnolls (D:5)
  2 ribbon worms
  3 dart slugs
  7 orcs
  6 ball pythons
  3 bats
  5 endoplasms
  2 giant cockroaches
  3 goblins
  11 hobgoblins
  5 quokkas
  3 frilled lizards (D:1)
  A jackal zombie (D:4)
  3 kobolds
  5 rats
82 creatures vanquished.

Notes
Turn   | Place    | Note
-------+----------+-------------------------------------------
     0 | D:1      | Flugkiller the Minotaur Fighter began the quest for the
                  | Orb.
     0 | D:1      | Reached XP level 1. HP: 19/19 MP: 0/0
   157 | D:1      | Reached XP level 2. HP: 27/27 MP: 1/1
   378 | D:1      | Reached skill level 4 in Fighting
   472 | D:1      | Found a faded altar of an unknown god.
   999 | D:2      | Reached XP level 3. HP: 27/33 MP: 2/2
  1244 | D:2      | Reached XP level 4. HP: 33/41 MP: 3/3
  2124 | D:3      | You fall into a shaft and drop 1 floor!
  2132 | D:4      | Noticed a scorpion
  2135 | D:4      | Noticed a sky beast
  2136 | D:4      | Killed a scorpion
  2137 | D:4      | Reached skill level 5 in Fighting
  2137 | D:4      | Reached XP level 5. HP: 36/48 MP: 4/4
  2154 | D:4      | Killed a sky beast
  2159 | D:4      | Reached XP level 6. HP: 42/56 MP: 5/5
  2221 | D:4      | Reached skill level 5 in Axes
  2244 | D:4      | Reached skill level 6 in Fighting
  2398 | D:4      | Reached skill level 5 in Armour
  2479 | D:3      | Noticed Jessica
  2482 | D:3      | Killed Jessica
  3192 | D:4      | Reached skill level 5 in Shields
  3420 | D:5      | Entered Level 5 of the Dungeon
  3421 | D:5      | Noticed an ice beast
  3421 | D:5      | Noticed an orc warrior
  3430 | D:5      | Killed an orc warrior
  3431 | D:5      | Reached XP level 7. HP: 57/64 MP: 6/6
  3580 | D:5      | Found a staircase to the Ecumenical Temple.
  3611 | D:5      | Reached skill level 7 in Fighting
  3634 | Temple   | Entered the Ecumenical Temple
  3635 | Temple   | Quit the game

Illustrated notes

Levels and vault maps discovered:
D:1:      dpeg_arrival_tiny_a, layout_loops_ring,
          ebering_ecumenical_altar_abandoned
D:2:      layout_loops_ring, guppyfry_early_lair_pool
D:3:      layout_basic, uniq_jessica
D:4:      layout_rooms, serial_forest, infiniplex_forest_zigzag_2,
          infiniplex_forest_clump_small, infiniplex_forest_straight_2,
          infiniplex_forest_lined_2, infiniplex_forest_lined_2,
          infiniplex_forest_end_1, infiniplex_forest_lined_2,
          infiniplex_forest_lined_room_2, infiniplex_forest_end_2,
          enter_ossuary_3
D:5:      layout_basic, general_overflow_altar, temple_pool_b,
          nicolae_letterblocks [nicolae_letter_subblock,
          nicolae_letter_subblock, nicolae_letter_subblock,
          nicolae_letter_subblock, nicolae_letter_subblock,
          nicolae_letter_subblock, nicolae_letter_subblock,
          nicolae_letter_subblock, nicolae_letter_subblock,
          nicolae_letter_subblock, nicolae_letter_subblock,
          nicolae_letter_subblock, nicolae_letter_subblock,
          nicolae_letter_subblock, nicolae_letter_subblock,
          nicolae_letter_subblock, nicolae_letter_subblock,
          nicolae_letter_subblock, nicolae_letter_subblock,
          nicolae_letter_subblock, nicolae_letter_subblock,
          nicolae_letter_subblock, nicolae_letter_subblock,
          nicolae_letter_subblock, nicolae_letter_subblock]
Temple:   mainiacjoe_temple_bowtie_tessellation

Skill      XL: |  1  2  3  4  5  6  7 |
---------------+----------------------+-----
Fighting       | 4 5 6 7 |  7.2
Axes           | 3 4 5 6 |  6.6
Armour         | 4 5 |  5.6
Shields        | 4 5 |  5.5

Action                     |  1- 3 |  4- 6 |  7- 9 || total
---------------------------+-------+-------+-------++-------
  Melee: War axe           |    68 |    91 |    26 ||   185
         Headbutt          |    10 |    13 |     7 ||    30
    Use: Potion            |       |     1 |       ||     1
 Armour: Scale mail        |    41 |     4 |       ||    45
         Chain mail        |       |    56 |    36 ||    92
  Dodge: Dodged            |    39 |    38 |     8 ||    85
  Block: Buckler           |    14 |    20 |     6 ||    40
